 Dungeon Crawl Stone Soup version 0.23-a0-315-ga85b81c (webtiles) character file.

20766 b5mith the Carver (level 12, -14/175 (177) HPs)
             Began as a Minotaur Berserker on Oct 13, 2018.
             Was a High Priest of Trog.
             Demolished by a very large slime creature (41 damage)
             ... on level 12 of the Dungeon.
             The game lasted 00:35:13 (13656 turns).

b5mith the Carver (Minotaur Berserker)             Turns: 13656, Time: 00:35:13

HP:   -14/175 (177) AC: 19    Str: 31    XL:     12   Next: 48%
MP:   11/11         EV: 12    Int:  4    God:    Trog [*****.]
Gold: 703           SH:  2    Dex: 11    Spells: 11/11 levels left

rFire    x . .     SeeInvis .   a - +4 great sword "Zosycs" {speed, rF- rC+ Stlth+}
rCold    + + .     Gourm    .   (shield currently unavailable)
rNeg     . . .     Faith    .   l - +2 plate armour
rPois    .         Spirit   .   r - +2 hat {MR+}
rElec    .         Reflect  +   (no cloak)
rCorr    .         Harm     .   v - +0 pair of gloves
MR       +....                  (no boots)
Stlth    ..........             D - +2 amulet of reflection
HPRegen  0.39/turn              I - ring of protection from cold
MPRegen  0.12/turn              (no ring)

@: berserking, very quick
A: retaliatory headbutt, horns 2
a: Berserk, Trog's Hand, Brothers in Arms, Renounce Religion


You were on level 12 of the Dungeon.
You worshipped Trog.
Trog was extremely pleased with you.
You were hungry.

You visited 1 branch of the dungeon, and saw 12 of its levels.

You collected 703 gold pieces.

Inventory:

Hand Weapons
 a - the +4 great sword "Zosycs" (weapon) {speed, rF- rC+ Stlth+}
   (You found it on level 4 of the Dungeon)

   Attacks with this weapon are significantly faster.
   It makes you vulnerable to fire.
   It protects you from cold.
   It makes you more stealthy.
 b - a +0 hand crossbow
   (You took it off a kobold on level 4 of the Dungeon)
 y - a +0 dire flail of crushing
   (You took it off Harold on level 10 of the Dungeon)
 T - a +2 great sword of freezing
   (You took it off a wight on level 10 of the Dungeon)
Missiles
 n - 69 bolts
 x - 4 tomahawks of returning (quivered)
 H - 3 poisoned tomahawks
Armour
 l - a +2 plate armour (worn)
   (You took it off an orc warrior on level 11 of the Dungeon)
 o - the cursed +0 chain mail "Ceus" {rF- rN+++ Str+2 Stlth+}
   (You took it off an orc on level 11 of the Dungeon)

   It affects your strength (+2).
   It makes you vulnerable to fire.
   It renders you almost immune to negative energy.
   It makes you more stealthy.
   It has a curse placed upon it.
 r - a +2 hat of magic resistance (worn)
   (You found it on level 11 of the Dungeon)
 v - a +0 pair of gloves (worn)
   (You found it on level 3 of the Dungeon)
 C - the +1 robe of Baldness {rElec Regen+ Int+4 Dex+2}
   (You found it on level 4 of the Dungeon)

   It affects your intelligence (+4).
   It affects your dexterity (+2).
   It insulates you from electricity.
   It increases your rate of regeneration.
 M - a +4 chain mail of fire resistance
   (You took it off Urug on level 10 of the Dungeon)
Jewellery
 D - a +2 amulet of reflection (around neck)
   (You found it on level 4 of the Dungeon)
 I - a ring of protection from cold (left hand)
   (You took it off an orc wizard on level 5 of the Dungeon)
Wands
 d - a wand of disintegration (12)
   (You found it on level 11 of the Dungeon)
 B - a wand of random effects (21)
   (You found it on level 4 of the Dungeon)
 F - a wand of digging (17)
   (You found it on level 5 of the Dungeon)
 J - a wand of iceblast (6)
   (You found it on level 8 of the Dungeon)
 L - a wand of polymorph (9)
   (You found it on level 8 of the Dungeon)
 O - a wand of flame (14)
   (You found it on level 9 of the Dungeon)
Scrolls
 e - 2 scrolls of enchant armour {unknown}
 i - 5 scrolls of teleportation
 j - 3 scrolls of enchant weapon {unknown}
 k - 7 scrolls of identify {@r1}
 m - 3 scrolls of immolation {unknown}
 p - 4 scrolls of amnesia {unknown}
 q - 3 scrolls of fog {unknown}
 s - 3 scrolls of remove curse {unknown}
 t - 4 scrolls of blinking
 w - 2 scrolls of magic mapping {unknown}
 P - 3 scrolls of fear {unknown}
Potions
 f - a potion of flight
 g - 2 potions of mutation {unknown}
 h - 5 potions of lignification
 u - 2 potions of berserk rage
 A - 2 potions of haste {unknown}
 E - 2 potions of agility {unknown}
 G - a potion of invisibility {unknown}
 K - 2 potions of degeneration {unknown}
 N - a potion of ambrosia {unknown}
Comestibles
 c - 20 rations
 z - 4 chunks of flesh


   Skills:
 + Level 14.6 Fighting
 + Level 14.6 Long Blades
 + Level 9.1 Armour
 + Level 10.0 Dodging


You had 11 spell levels left.
You didn't know any spells.
Your spell library contained the following spells:

 Spells                   Type           Power        Failure   Level  Hunger
 Animate Skeleton         Necr           N/A          99%         1    ##.....
 Apportation              Tloc           #.....       99%         1    ##.....
 Confusing Touch          Hex            #.....       99%         1    ##.....
 Summon Small Mammal      Summ           #...         99%         1    ##.....


Dungeon Overview and Level Annotations

Branches:
Dungeon (12/15)            Temple (0/1) D:7            Lair (0/6) D:10
    Orc (0/2) D:11

Altars:
Ashenzari
Cheibriados
Kikubaaqudgha
Nemelex Xobeh
Qazlal
Sif Muna
Yredelemnul
Beogh

Shops:
D:5 %   D:8 (

Annotations:
D:2 Natasha
D:4 2 runed doors, wearedevo's ghost, novice NaCK


Innate Abilities, Weirdness & Mutations

You reflexively headbutt those who attack you in melee.
You have a pair of horns on your head.


Message History

You are too injured to fight recklessly!
You are too injured to fight recklessly!
You are too injured to fight recklessly!
You are too injured to fight recklessly!
The centaur shoots an arrow.
The arrow hits you!
* * * LOW HITPOINT WARNING * * *
Two slime creatures merge to form a large slime creature.
The slime creature hits you!
* * * LOW HITPOINT WARNING * * *
The centaur shoots an arrow.
The arrow closely misses you.
The arrow hits the large slime creature.
The slime creature barely misses you.
You see here an arrow.
The centaur shoots an arrow.
The arrow hits you but does no damage.
Two slime creatures merge to form a very large slime creature.
You see here an arrow.
The centaur shoots an arrow.
The arrow hits you but does no damage.
You see here an arrow.
The centaur unwields an uncursed shortbow.
The centaur hits you but does no damage.
The centaur closely misses you.
You riposte.
You slice the centaur!!
You kill the centaur!
Trog accepts your kill. The slime creature misses you.
Things that are here:
an uncursed shortbow; 13 arrows You hit the slime creature.
The slime creature is lightly wounded.
You slash the slime creature! You headbutt the slime creature.
The slime creature is moderately wounded.
The slime creature hits you.
* * * LOW HITPOINT WARNING * * *
You slice the slime creature!!
The slime creature is severely wounded.
The slime creature completely misses you.
You slice the slime creature!!
You kill the slime creature!
Trog accepts your kill.
You slice the very large slime creature!!
The very large slime creature is heavily wounded.
A centaur comes into view.
The very large slime creature hits you!!
* * * LOW HITPOINT WARNING * * *
A red film seems to cover your vision as you go berserk!
You feel yourself moving faster!
You feel mighty!
You are feeling hungry.
The centaur wields a shortbow.
The centaur shoots an arrow.
The arrow hits you but does no damage.
The very large slime creature hits you!!!
You die...

..))...(#.#######.# ...##
.....รท(##.# #.###....
......)##.## #..#..#
...........# ##.(..#
...........# ###(...#..
...........## ##.(........
............###.(.....#...#
#.....).........J.........#
......#######...@..#..#...#
...>### ##....#......#....
...###......####.##...# .#
##......... #.. ..##
##........ ... ....
##.......# #... #..#
#........# .... ...
...####... ...c. .... ...


You could see a very large slime creature and a centaur.

Vanquished Creatures
  Josephine (D:11)
  The ghost of wearedevo the Basher, a journeyman TrCK of Xom (D:11)
  Erolcha (D:10)
  Harold (D:10)
  A hydra (D:11)
  2 two-headed ogres
  Urug (D:10)
  The ghost of slAvIk159 the Fighter, a novice MiFi (D:6)
  2 ugly things (D:12)
  3 cyclopes
  A centaur skeleton (D:10)
  3 trolls
  3 slime creatures (D:12)
  2 hippogriffs (D:10)
  5 wraiths
  14 yaks
  A human (D:8)
  A steam dragon (D:11)
  3 hogs (D:8)
  A warg (D:11)
  Menkaure (D:5)
  An acid dragon (D:11)
  2 water moccasins
  5 porcupines (D:10)
  4 ice beasts
  3 sky beasts
  5 orc warriors
  2 phantoms
  2 black bears (D:10)
  3 boggarts (D:12)
  2 necrophages
  6 ogres
  6 centaurs
  A crocodile (D:10)
  8 big kobolds
  2 bullfrogs
  3 gnoll sergeants (D:11)
  3 scorpions
  A water moccasin skeleton (D:10)
  An oklob sapling (D:7)
  6 killer bees
  8 wights
  5 howler monkeys
  A bullfrog zombie (D:9)
  4 crimson imps
  A centaur zombie (D:5)
  A quasit (D:6)
  4 hounds
  8 orc priests
  3 jellies
  8 orc wizards
  4 bullfrog skeletons
  Terence (D:3)
  2 iguanas
  Natasha (D:2)
  11 worker ants
  A killer bee zombie (D:10)
  3 hound skeletons
  A mummy (D:5)
  11 gnolls
  A howler monkey skeleton (D:6)
  A worker ant zombie (D:5)
  8 adders
  5 shadow imps
  2 oozes
  An adder skeleton (D:5)
  4 worms
  5 dart slugs
  4 leopard geckos
  35 orcs
  2 ball pythons (D:3)
  8 bats
  5 giant cockroaches
  8 hobgoblins
  6 jackals
  34 kobolds
  2 quokkas
  11 frilled lizards
  6 goblins
  A jackal skeleton (D:4)
  A leopard gecko zombie (D:5)
  12 rats
  2 plants (D:7)
357 creatures vanquished.

Vanquished Creatures (others)
  A human (D:8)
  53 fungi (D:10)
  24 plants (D:10)
78 creatures vanquished.

Grand Total: 435 creatures vanquished

Notes
Turn   | Place    | Note
-------+----------+-------------------------------------------
     0 | D:1      | b5mith the Minotaur Berserker began the quest for the Orb.
     0 | D:1      | Reached XP level 1. HP: 19/19 MP: 0/0
   170 | D:1      | Reached XP level 2. HP: 27/27 MP: 1/1
   441 | D:1      | Reached XP level 3. HP: 34/34 MP: 2/2
   641 | D:1      | Reached ** piety under Trog
   985 | D:2      | Reached XP level 4. HP: 30/41 MP: 3/3
  1150 | D:2      | Reached skill level 5 in Long Blades
  1211 | D:2      | Reached skill level 5 in Fighting
  1659 | D:2      | Noticed Natasha
  1664 | D:2      | Killed Natasha
  1887 | D:2      | Noticed Natasha
  2116 | D:3      | Found a faded altar of an unknown god.
  2252 | D:3      | Reached XP level 5. HP: 42/48 MP: 4/4
  2388 | D:3      | Reached *** piety under Trog
  2470 | D:3      | Noticed Terence
  2479 | D:3      | Killed Terence
  2710 | D:3      | Found a snail-covered altar of Cheibriados.
  2741 | D:4      | Found a sparkling altar of Nemelex Xobeh.
  2803 | D:4      | Reached XP level 6. HP: 16/58 MP: 5/5
  3334 | D:4      | Got a transparent robe
  3425 | D:4      | Got a smoking great sword
  3426 | D:4      | Identified the +4 great sword "Zosycs" {speed, rF- rC+
                  | Stlth+} (You found it on level 4 of the Dungeon)
  3470 | D:4      | Reached **** piety under Trog
  3479 | D:4      | Reached XP level 7. HP: 66/66 MP: 6/6
  3481 | D:4      | Found a runed door.
  3542 | D:4      | Found a runed door.
  3671 | D:4      | Noticed wearedevo's ghost (novice NaCK)
  3808 | D:5      | Entered Level 5 of the Dungeon
  3809 | D:5      | Found a transporter.
  3906 | D:5      | Noticed Menkaure
  3906 | D:5      | Found an ancient bone altar of Kikubaaqudgha.
  3906 | D:5      | Found a basalt altar of Yredelemnul.
  3907 | D:5      | Found the +5 scythe "Finisher" {speed, Str+3}
  3908 | D:5      | Found a transporter.
  3911 | D:5      | Killed Menkaure
  4237 | D:5      | Reached XP level 8. HP: 55/75 MP: 7/7
  4546 | D:5      | Found a stormy altar of Qazlal.
  4594 | D:5      | Found Uthudul's Food Boutique.
  5475 | D:6      | Found a transporter.
  5479 | D:6      | Noticed slAvIk159's ghost (novice MiFi)
  5481 | D:6      | Found a transporter.
  5567 | D:6      | Reached skill level 10 in Fighting
  5567 | D:6      | Reached skill level 10 in Long Blades
  5831 | D:6      | Killed slAvIk159's ghost
  5831 | D:6      | Reached XP level 9. HP: 86/86 MP: 8/8
  6136 | D:6      | Found a deep blue altar of Sif Muna.
  6705 | D:7      | Reached ***** piety under Trog
  6890 | D:7      | Found a staircase to the Ecumenical Temple.
  7495 | D:8      | Found an ancient bone altar of Kikubaaqudgha.
  7574 | D:8      | Found Egych's Weapon Boutique.
  7893 | D:8      | Reached skill level 5 in Dodging
  7893 | D:8      | Reached XP level 10. HP: 88/97 MP: 9/9
  8363 | D:9      | Received a gift from Trog
  8565 | D:9      | Noticed a two-headed ogre
  8572 | D:9      | Killed a two-headed ogre
  8588 | D:9      | Found a shattered altar of Ashenzari.
  8766 | D:10     | Entered Level 10 of the Dungeon
  8766 | D:10     | Noticed Urug
  8780 | D:10     | Killed Urug
  9090 | D:10     | Identified the +1 robe of Baldness {rElec Regen+ Int+4
                  | Dex+2} (You found it on level 4 of the Dungeon)
  9399 | D:10     | HP: 3/151 [porcupine's spines (12)]
  9403 | D:10     | HP: 1/101 [poisoned by a water moccasin]
  9410 | D:10     | HP: 1/101 [poisoned by a water moccasin]
  9488 | D:10     | Reached XP level 11. HP: 79/107 MP: 10/10
  9668 | D:10     | Reached skill level 5 in Armour
  9918 | D:10     | Found a staircase to the Lair.
 10058 | D:10     | Noticed Harold
 10071 | D:10     | Killed Harold
 10403 | D:10     | Noticed Erolcha
 10429 | D:10     | Killed Erolcha
 11481 | D:11     | Found a runed gate.
 11481 | D:11     | Noticed wearedevo's ghost (journeyman TrCK)
 11482 | D:11     | Found a runed gate.
 11483 | D:11     | Found a runed gate.
 11486 | D:11     | Found a roughly hewn altar of Beogh.
 11521 | D:11     | Killed wearedevo's ghost
 11523 | D:11     | Received a gift from Trog
 11541 | D:11     | Got a bloodstained chain mail
 11790 | D:11     | Identified the cursed +0 chain mail "Ceus" {rF- rN+++ Str+2
                  | Stlth+} (You took it off an orc on level 11 of the Dungeon)
 12140 | D:11     | Noticed a five-headed hydra
 12483 | D:11     | Found a staircase to the Orcish Mines.
 12831 | D:11     | Killed a five-headed hydra
 13013 | D:11     | Noticed Josephine
 13016 | D:11     | Reached XP level 12. HP: 116/116 MP: 11/11
 13022 | D:11     | Killed Josephine
 13243 | D:12     | Noticed a two-headed ogre
 13248 | D:12     | Killed a two-headed ogre
 13592 | D:12     | Reached skill level 10 in Dodging
 13656 | D:12     | Demolished by a very large slime creature

Vault maps used:
D:1:      minmay_arrival_four_houses, minmay_door_square
D:2:      uniq_natasha
D:3:      lemuel_coloured_pillars_altar, first_ration,
          chequers_ecumenical_altar_simple_redux, uniq_terence
D:4:      kennysheep_kobold_camp, ebering_ghost_sewer_d,
          nemelex_xobeh_ov_fountains_minmay, uniq_crazy_yiuf_cottage
D:5:      nicolae_qazlal_general_emergency, gammafunk_temple_of_torment,
          serial_shops, shop
D:6:      nicolae_overflow_hidden_temple, gammafunk_ghost_mausoleum
D:7:      minmay_temple_entry_oklob
D:8:      serial_shops, shop, grunt_livestock, tgw_kikubaaqudgha
D:9:      old_standard_altar
D:10:     due_lair_maze_entry_diamond, uniq_harold, uniq_urug, uniq_erolcha
D:11:     kennysheep_orc_monster_closet_entryway, biasface_ghost_orc_armoury,
          uniq_josephine

Skill      XL: |  1  2  3  4  5  6  7  8  9 10 11 12 |
---------------+-------------------------------------+-----
Fighting       | 4 5 6 7 8 10 11 13 14 | 14.6
Long Blades    | 4 5 6 7 8 10 11 13 14 | 14.6
Dodging        | 5 7 9 10 | 10.0
Armour         | 4 7 9 |  9.1

Action                   |  1- 3 |  4- 6 |  7- 9 | 10-12 || total
-------------------------+-------+-------+-------+-------++-------
Melee: Falchion          |    61 |   144 |       |       ||   205
       Headbutt          |    14 |    31 |    44 |    80 ||   169
       Great sword       |       |     7 |   181 |   342 ||   530
       Dire flail        |       |       |       |     6 ||     6
 Fire: Hand crossbow     |       |    12 |    20 |    12 ||    44
Invok: Berserk           |       |     1 |     1 |     8 ||    10
  Use: Scroll            |     1 |       |       |     9 ||    10
       Potion            |       |     2 |       |     5 ||     7
 Stab: Sleeping          |       |     1 |     2 |       ||     3
  Eat: Chunk             |       |     9 |    11 |    22 ||    42
       Ration            |       |       |     1 |     1 ||     2
Armor: Animal skin       |     9 |    16 |       |       ||    25
       Ring mail         |       |     4 |    29 |     6 ||    39
       Skin              |       |       |       |     5 ||     5
       Plate armour      |       |       |       |    72 ||    72
       Chain mail        |       |       |       |     5 ||     5
Dodge: Dodged            |    35 |    77 |    89 |   181 ||   382
Block: Other             |       |       |       |    14 ||    14
       Rpst.: Falchion   |     8 |    17 |       |       ||    25
       Great sword       |       |       |    24 |    37 ||    61

Table legend:
 A = Non-vault XP
 B = Vault XP
 C = Vault XP percentage of total XP
 D = Non-vault monster count
 E = Vault monster count
 F = Vault count percentage of total count
                 A         B        C        D         E       F
            +---------+---------+-------+---------+---------+-------
      Total |   18188 |   11478 |  38.7 |     267 |      88 |  24.8
            +---------+---------+-------+---------+---------+-------
        D:1 |      72 |       0 |   0.0 |      31 |       0 |   0.0
        D:2 |      69 |      35 |  33.7 |      20 |       1 |   4.8
        D:3 |      51 |      36 |  41.4 |      23 |       1 |   4.2
        D:4 |     401 |     129 |  24.3 |      21 |      21 |  50.0
        D:5 |    1005 |     220 |  18.0 |      31 |       3 |   8.8
        D:6 |     581 |     836 |  59.0 |      13 |       5 |  27.8
        D:7 |     735 |      64 |   8.0 |      16 |       1 |   5.9
        D:8 |     370 |     947 |  71.9 |       8 |       5 |  38.5
        D:9 |    1970 |       0 |   0.0 |      17 |       0 |   0.0
       D:10 |    2702 |    4377 |  61.8 |      27 |      14 |  34.1
       D:11 |    3931 |    4834 |  55.2 |      24 |      37 |  60.7
       D:12 |    6301 |       0 |   0.0 |      36 |       0 |   0.0
            +---------+---------+-------+---------+---------+-------
